Map: 2000 Atmospheres LE

Players

HahaTTpro - Winner!

  • Race: Zerg Zerg
  • Spawn Location: 3:00

VOD

Have the link to the VOD?

Description

Time

  • Played on: June 10, 2021, 2 a.m.
  • Length: 21:51
Show
View Real Time Build Order
Export as new Build Order

HahaTTpro Zerg - Winner!

Build Orders:  

Get SALT Encoding   

  12  0:03  Drone  
  13  0:19  Overlord  
  13  0:26  Drone  
  14  1:11  Spawning Pool  
  14  1:13  Drone  
  14  1:14  Drone x2  
  16  1:40  Hatchery  
  16  1:46  Drone  
  16  1:53  Overlord  
  16  2:02  Extractor  
  15  2:16  Queen  
  17  2:26  Drone x2  
  19  2:51  Overlord x2  
  19  2:59  Drone  
  20  3:29  Zergling x2  
  21  3:46  Queen  
  21  3:49  Zergling x2  
  24  3:50  Zergling x2  
  25  4:03  Drone  
  25  4:04  Drone x2  
  25  4:06  Queen  
  30  4:14  Extractor  
  29  4:28  Drone x2  
  31  5:01  Hatchery  
  31  5:03  Drone x2  
  31  5:04  Drone  
  31  5:06  Metabolic Boost  
  33  5:15  Drone  
  33  5:16  Drone x2  
  36  5:32  Lair  
  36  5:36  Roach Warren  
  35  6:16  Drone x3  
  38  6:42  Glial Reconstitution  
  38  6:47  Roach x2  
  38  6:48  Roach  
  44  6:56  Zergling x4  
  46  7:30  Overlord  
  46  7:31  Overlord  
  46  7:33  Roach  
  46  7:34  Roach x2  
  52  7:41  Evolution Chamber  
  52  7:49  Drone  
  48  7:50  Drone x2  
  54  8:02  Drone x2  
  54  8:03  Drone  
  54  8:06  Queen  
  59  8:32  Tunneling Claws  
  59  8:56  Drone x3  
  62  9:07  Roach x3  
  68  9:17  Pneumatized Carapace  
  68  9:59  Evolution Chamber  
  67  10:01  Zerg Ground Armor Level 1  
  67  10:16  Drone x3  
  70  10:30  Roach x2  
  74  11:26  Overlord x3  
  74  11:27  Overlord x2  
  74  11:28  Overlord  
  74  11:44  Hatchery  
  73  11:50  Zerg Missile Weapons Level 1  
  73  11:51  Hydralisk Den  
  72  12:01  Overlord x3  
  72  12:02  Overlord x2  
  72  13:47  Drone x2  
  74  14:43  Drone x3  
  77  15:05  Hydralisk x2  
  77  15:06  Hydralisk x4  
  89  15:10  Zerg Missile Weapons Level 2  
  89  15:11  Zerg Ground Armor Level 2  
  88  16:09  Hydralisk x3  
  98  16:10  Hydralisk x3  
  100  16:57  Unknown  
  108  17:50  Hydralisk x3  
  99  17:58  Zergling x6  
  108  18:22  Infestation Pit  
  107  18:37  Unknown  
  107  19:52  Queen  
  109  20:10  Queen  
  109  20:12  Zergling x6  
Tags
 
Add a new tag
Caveats
  • Supply blocks, unpowered buildings, or Contaminate may cause inaccurate times.
  • Supply counts are checked every 10 seconds.